 Dungeon Crawl Stone Soup version 0.24.0-29-g8ce449bc06 (webtiles) character file.

Game seed: 12937649838093709916, levelgen mode: deterministic

21465 Johnny the Carver (level 12, -1/128 HPs)
             Began as a Troll Berserker on Nov 16, 2019.
             Was a High Priest of Trog.
             Slain by a red ugly thing (25 damage)
             ... on level 12 of the Dungeon.
             The game lasted 00:14:10 (10058 turns).

Johnny the Carver (Troll Berserker)                Turns: 10058, Time: 00:14:10

Health: -1/128     AC: 10    Str: 32    XL:     12   Next: 54%
Magic:  3/3        EV: 10    Int:  5    God:    Trog [*****.]
Gold:   503        SH:  0    Dex:  9    Spells: 11/11 levels left

rFire    x . .     SeeInvis .   O - +1 triple sword (antimagic)
rCold    + . .     Gourm    +   (shield currently unavailable)
rNeg     . . .     Faith    +   a - +0 troll leather armour
rPois    .         Spirit   .   M - +1 hat {MR+}
rElec    .         Reflect  .   N - +0 cloak
rCorr    .         Harm     .   (gloves unavailable)
MR       +....                  (boots unavailable)
Stlth    +.........             z - amulet of faith
HPRegen  1.11/turn              y - +2 ring of intelligence
MPRegen  0.08/turn              I - ring of ice

@: berserk cooldown, slowed, very slow
A: large, unfitting armour, claws 3, fast metabolism 3, gourmand, regeneration
1, shaggy fur 1, tough skin 3
a: Berserk, Trog's Hand, Brothers in Arms, Renounce Religion


You were on level 12 of the Dungeon.
You worshipped Trog.
Trog was extremely pleased with you.
You were very full.

You visited 2 branches of the dungeon, and saw 13 of its levels.
You also visited: Sewer.

You collected 770 gold pieces.
You spent 267 gold pieces at shops.

Inventory:

Hand Weapons
 t - a +0 scimitar
 O - a +1 antimagic triple sword (weapon)
Armour
 a - a +0 troll leather armour (worn)
 M - a +1 hat of magic resistance (worn)
 N - a +0 cloak (worn)
Jewellery
 w - an uncursed amulet of magic regeneration
 y - a +2 ring of intelligence (left claw)
 z - an amulet of faith (around neck)
 I - a ring of ice (right claw)
Wands
 d - a wand of polymorph (16)
 e - a wand of flame (25)
 p - a wand of digging (13)
 J - a wand of iceblast (7)
 K - a wand of random effects (17)
Scrolls
 h - 8 scrolls of teleportation
 k - a scroll of amnesia
 l - 2 scrolls of magic mapping
 m - 3 scrolls of enchant weapon
 o - 9 scrolls of remove curse
 q - 3 scrolls of fear {unknown}
 s - a scroll of identify
 x - 2 scrolls of vulnerability {unknown}
 A - 2 scrolls of immolation {unknown}
 B - 2 scrolls of fog {unknown}
 E - a scroll of brand weapon {unknown}
 F - a scroll of holy word {unknown}
 G - a scroll of torment {unknown}
 H - 2 scrolls of enchant armour {unknown}
Potions
 f - 5 potions of might
 g - a potion of heal wounds
 i - a potion of mutation
 j - 3 potions of haste
 n - 5 potions of flight
 r - 2 potions of agility {unknown}
 u - a potion of brilliance {unknown}
 v - 6 potions of curing {unknown}
 D - a potion of cancellation {unknown}
 L - a potion of lignification {unknown}
Miscellaneous
 b - a lightning rod (4/4)
Comestibles
 c - 20 rations
 C - 3 chunks of flesh


   Skills:
 + Level 10.6 Fighting
 * Level 14.2 Long Blades
 - Level 2.4 Dodging


You had 11 spell levels left.
You didn't know any spells.
Your spell library contained the following spells:

 Spells                   Type           Power        Failure   Level  Hunger
 Animate Skeleton         Necr           N/A          52%         1    ##.....
 Apportation              Tloc           #.....       52%         1    ##.....
 Confusing Touch          Hex            #.....       52%         1    ##.....
 Corona                   Hex            #......      52%         1    ##.....
 Summon Small Mammal      Summ           #...         52%         1    ##.....
 Ensorcelled Hibernation  Hex/Ice        #.....       65%         2    ###....
 Confuse                  Hex            #.......     87%         3    ####...
 Dazzling Spray           Conj/Hex       #.....       87%         3    ####...
 Gell's Gravitas          Tloc           #.........   87%         3    ####...
 Tukima's Dance           Hex            #.......     87%         3    ####...
 Petrify                  Tmut/Erth      #.......     99%         4    #####..
 Metabolic Englaciation   Hex/Ice        #.........   100%        5    ######.
 Yara's Violent Unravell  Hex/Tmut       #.........   100%        5    ######.


Dungeon Overview and Level Annotations

Branches:
Dungeon (12/15)            Temple (1/1) D:5            Lair (0/6) D:11
    Orc (0/2) D:12          Sewer (visited)

Altars:
Ashenzari
Cheibriados
Dithmenos
Elyvilon
Fedhas
Gozag
Hepliaklqana
Kikubaaqudgha
Makhleb
Nemelex Xobeh
Okawaru
Qazlal
Ru
Sif Muna
Trog
Uskayaw
Vehumet
Wu Jian
Xom
Yredelemnul
Zin
The Shining One

Shops:
D:5 ?   D:6 :[}*   D:7 [   D:8 :   D:10 [


Innate Abilities, Weirdness & Mutations

You are too large for most types of armour.
You have claws for hands.
Your metabolism is lightning-fast.
You like to eat raw meat.
Your natural rate of healing is unusually fast.
You are covered in fur. (AC +1)
You have extremely tough skin. (AC +3)


Message History

* * * LOW HITPOINT WARNING * * *
You slash the red ugly thing!
The red ugly thing is heavily wounded.
The red ugly thing completely misses you.
You riposte.
You closely miss the red ugly thing.
The red ugly thing is heavily wounded.
You closely miss the red ugly thing.
The red ugly thing is heavily wounded.
The red ugly thing bites you but does no damage.
You barely miss the red ugly thing.
The red ugly thing is heavily wounded.
You are no longer berserk.
You are exhausted.
You feel yourself slow down.
You closely miss the red ugly thing.
The red ugly thing is heavily wounded.
The red ugly thing bites you!
* * * LOW HITPOINT WARNING * * *
You are engulfed in flames!!
The fire burns you terribly!
You die...

#### ##... >..# #..#
#..# #..# #
##..##########
#..####...†.)..)...#
#....@....########.#
#.....u###..# #.#
#...... #..# #.#
#...... ...# #.#
#.#...# ##... #.###
# #.:. ##)#. #...#
.... ..#.# ###.#
##... ### # #.#
########.#


You could see a red ugly thing.

Vanquished Creatures
  Kirke (D:12)
  Fannar (D:10)
  5 two-headed ogres
  A wizard (D:12)
  4 ugly things
  Maurice (D:12)
  Psyche (D:8)
  A kobold demonologist (D:11)
  A troll (D:11)
  4 hippogriffs
  A shadow (D:12)
  7 yaks
  A spriggan (D:8)
  A wyvern (D:12)
  3 hogs (D:12)
  2 vampire mosquitoes (D:12)
  A warg (D:10)
  A soldier ant (D:12)
  2 water moccasins
  5 ice beasts
  A necrophage (D:11)
  7 orc warriors
  A sky beast (D:11)
  2 black bears
  A phantom (D:5)
  5 ogres
  11 centaurs
  8 bullfrogs
  Blork the orc (D:4)
  16 big kobolds
  A gnoll sergeant (D:11)
  5 scorpions
  3 jellies
  6 killer bees
  7 wights
  6 howler monkeys
  3 crimson imps
  A bullfrog zombie (D:5)
  6 orc priests
  A centaur skeleton (D:7)
  5 hounds
  6 bullfrog skeletons
  16 orc wizards
  8 worker ants
  5 iguanas
  A hound skeleton (D:8)
  A worker ant zombie (D:5)
  6 gnolls
  10 adders
  A river rat (Sewer)
  4 shadow imps
  An ooze (D:2)
  2 adder skeletons
  4 dart slugs
  7 worms
  8 leopard geckos
  31 orcs
  7 bats
  5 giant cockroaches
  3 goblins
  4 hobgoblins
  16 jackals
  5 quokkas
  4 frilled lizards
  23 kobolds
  A leopard gecko skeleton (D:5)
  13 rats
  A spectral orc (D:6)
334 creatures vanquished.

Vanquished Creatures (collateral kills)
  Frances (D:12)
  A hydra (D:12)
  A two-headed ogre (D:11)
  A hippogriff (D:11)
  A wraith (D:10)
  5 yaks (D:12)
  An orc warrior (D:12)
  A phantom (D:12)
  A gnoll sergeant (D:10)
  An orc wizard (D:12)
  An adder (D:12)
  4 gnolls (D:10)
  2 orcs (D:12)
21 creatures vanquished.

Grand Total: 355 creatures vanquished

Notes
Turn   | Place    | Note
-------+----------+-------------------------------------------
     0 | D:1      | Johnny the Troll Berserker began the quest for the Orb.
     0 | D:1      | Reached XP level 1. HP: 22/22 MP: 0/0
   166 | D:1      | Reached XP level 2. HP: 29/29 MP: 1/1
   534 | D:1      | Reached skill level 3 in Long Blades
   600 | D:2      | Reached XP level 3. HP: 29/36 MP: 2/2
   789 | D:2      | Reached XP level 4. HP: 45/45 MP: 3/3
  1049 | D:2      | Reached ** piety under Trog
  1049 | D:2      | Reached skill level 4 in Long Blades
  1503 | D:3      | Noticed a centaur
  1516 | D:3      | Killed a centaur
  1516 | D:3      | Reached XP level 5. HP: 53/53 MP: 4/4
  1997 | D:3      | Reached XP level 6. HP: 47/62 MP: 5/5
  2279 | D:4      | Noticed Blork the orc
  2292 | D:4      | Killed Blork the orc
  2292 | D:4      | Reached skill level 5 in Long Blades
  2706 | D:4      | Found a glowing golden altar of the Shining One.
  2779 | D:5      | Entered Level 5 of the Dungeon
  2829 | D:4      | Reached XP level 7. HP: 48/70 MP: 6/6
  2856 | D:5      | Found a staircase to the Ecumenical Temple.
  2858 | D:5      | Reached *** piety under Trog
  2897 | D:5      | Reached skill level 6 in Long Blades
  2998 | D:5      | Found a blossoming altar of Fedhas.
  3025 | D:5      | Found a glowing drain.
  3042 | Sewer    | Entered a sewer
  3143 | Sewer    | Found a glowing silver altar of Zin.
  3319 | D:5      | Reached skill level 5 in Fighting
  3332 | D:5      | Found Dizxer's Magic Scroll Emporium.
  3343 | D:5      | Bought a scroll of teleportation for 36 gold pieces
  3343 | D:5      | Bought a scroll of enchant weapon for 90 gold pieces
  3343 | D:5      | Bought a scroll of teleportation for 36 gold pieces
  3426 | D:5      | Reached XP level 8. HP: 73/80 MP: 7/7
  3511 | D:5      | Reached skill level 7 in Long Blades
  3929 | Temple   | Entered the Ecumenical Temple
  4424 | D:6      | Reached skill level 8 in Long Blades
  4562 | D:6      | Found Zamycs Oloxt's Armour Shop.
  4577 | D:6      | Reached **** piety under Trog
  4656 | D:6      | Found Wutheax's Gadget Shoppe.
  4735 | D:6      | Found a sparkling altar of Nemelex Xobeh.
  4741 | D:6      | Found Xosae's Assorted Antiques.
  4851 | D:6      | Found Faafemiri's Book Boutique.
  4859 | D:6      | You fall into a shaft and drop 1 floor!
  4894 | D:6      | Reached XP level 9. HP: 89/89 MP: 8/8
  5037 | D:6      | Bought a smoking lead ring for 105 gold pieces
  5038 | D:6      | Identified the ring of Femudo {Ice rN++ Dex-4} (You bought
                  | it in a shop on level 6 of the Dungeon)
  5263 | D:6      | Found a basalt altar of Yredelemnul.
  5522 | D:7      | Found Piddaim's Armour Boutique.
  5586 | D:7      | Found an iron altar of Okawaru.
  5624 | D:7      | Reached skill level 9 in Long Blades
  5942 | D:7      | Got an opalescent robe
  5953 | D:7      | Identified the +1 robe of the Elven Halls {-Cast Dex+5
                  | Stlth+} (You found it on level 7 of the Dungeon)
  6444 | D:8      | Found Nongaes's Book Emporium.
  6465 | D:8      | Reached ***** piety under Trog
  6489 | D:8      | Reached skill level 10 in Long Blades
  6665 | D:8      | Noticed Psyche
  6677 | D:8      | Killed Psyche
  6677 | D:8      | Reached XP level 10. HP: 73/102 MP: 9/9
  6699 | D:8      | Noticed a two-headed ogre
  6709 | D:8      | Killed a two-headed ogre
  7047 | D:9      | Noticed a two-headed ogre
  7062 | D:9      | Killed a two-headed ogre
  7062 | D:9      | Reached skill level 11 in Long Blades
  7312 | D:9      | Found a shimmering altar of Xom.
  7312 | D:9      | Found a hide-covered altar of Uskayaw.
  7527 | D:10     | Entered Level 10 of the Dungeon
  7600 | D:10     | Noticed Fannar
  7623 | D:10     | Killed Fannar
  7715 | D:10     | Found Erchek's Armour Shop.
  7831 | D:10     | Noticed a two-headed ogre
  7841 | D:10     | Killed a two-headed ogre
  7841 | D:10     | Reached XP level 11. HP: 112/113 MP: 10/10
  8242 | D:11     | Reached skill level 12 in Long Blades
  8319 | D:11     | Noticed a purple ugly thing
  8335 | D:11     | Killed a purple ugly thing
  8410 | D:11     | Noticed a green ugly thing
  8417 | D:11     | Noticed a two-headed ogre
  8440 | D:11     | Killed a green ugly thing
  8441 | D:11     | Received a gift from Trog
  8445 | D:11     | Killed a two-headed ogre
  8446 | D:11     | Noticed a two-headed ogre
  8451 | D:11     | Killed a two-headed ogre
  8802 | D:11     | Noticed a two-headed ogre
  8809 | D:11     | Killed a two-headed ogre
  8968 | D:11     | Reached skill level 13 in Long Blades
  9106 | D:11     | Found a staircase to the Lair.
  9373 | D:12     | Noticed a wizard
  9376 | D:12     | Noticed Frances
  9378 | D:12     | Killed a wizard
  9378 | D:12     | Reached XP level 12. HP: 122/126 MP: 3/11
  9392 | D:12     | Reached skill level 10 in Fighting
  9398 | D:12     | HP: 4/126 [vampire mosquito (9)]
  9434 | D:12     | Killed Frances
  9657 | D:12     | Reached ****** piety under Trog
  9662 | D:12     | Received a gift from Trog
  9668 | D:12     | Found a staircase to the Orcish Mines.
  9765 | D:12     | Noticed Kirke
  9789 | D:12     | Killed Kirke
  9789 | D:12     | Reached skill level 14 in Long Blades
  9853 | D:12     | Noticed a seven-headed hydra
  9861 | D:12     | Killed a seven-headed hydra
  9936 | D:12     | Noticed Maurice
  9949 | D:12     | Killed Maurice
 10058 | D:12     | Slain by a red ugly thing

Levels and vault maps discovered:
D:1:      onia_arrival_mini_maze, layout_basic, serial_corexii_hall,
          chequers_hall_statues_wall_a, corexii_hall_statues_u
D:2:      layout_basic
D:3:      layout_loops_ring
D:4:      layout_rooms, marbit_many_paths, uniq_blork_the_orc
D:5:      layout_basic, fedhas_ov_isle_minmay, minmay_temple_entry_offerings,
          serial_shops, shop_fountains, first_ration,
          cheibrodos_sewer_entry_bend, kennysheep_generic_room_4
D:6:      layout_layer_cave, yredelemnul_forgotten_temple_becter,
          old_standard_altar, serial_shops, shop_fountains, shop,
          nicolae_shop_temple_entry_statues_fountains, shop
D:7:      layout_basic, lemuel_round_altar, serial_shops, shop
D:8:      layout_loops_ring, serial_shops, nicolae_shop_behind_doors,
          grunt_pizzeria, uniq_psyche
D:9:      layout_big_octagon, xom_teletrap_fun, eat_drink_and_be_merry_uskayaw,
          hangedman_corner_corridor
D:10:     layout_rooms, serial_shops, nicolae_shop_waterfront, minivault_19,
          kennysheep_generic_room_8, uniq_fannar
D:11:     layout_loops_ring, lair_entry_dummy, special_room
          [special_room_kobold]
D:12:     layout_loops_ring, erik_orc_1, chequers_serial_rivers_micro_e,
          grunt_decor_resistance, uniq_maurice, uniq_kirke, uniq_frances
Temple:   regret_index_temple_waves

Skill      XL: |  1  2  3  4  5  6  7  8  9 10 11 12 |
---------------+-------------------------------------+-----
Long Blades    | 3 4 5 6 8 10 11 13 14 | 14.2
Fighting       | 3 4 5 6 7 8 9 10 | 10.6
Dodging        | |  2.4

Action                   |  1- 3 |  4- 6 |  7- 9 | 10-12 || total
-------------------------+-------+-------+-------+-------++-------
Melee: Falchion          |    95 |   169 |       |       ||   264
       Scimitar          |       |    42 |   362 |   270 ||   674
       Long sword        |       |     3 |       |       ||     3
       Triple sword      |       |       |       |   267 ||   267
Invok: Berserk           |       |     3 |     9 |    15 ||    27
       Trog's Hand       |       |     1 |     2 |     3 ||     6
       Brothers in Arms  |       |       |       |     5 ||     5
Evoke: Wand              |       |       |       |     6 ||     6
  Use: Scroll            |       |       |     8 |     6 ||    14
       Potion            |       |       |       |     5 ||     5
 Stab: Sleeping          |       |       |     3 |     3 ||     6
  Eat: Chunk             |    13 |    19 |    50 |    49 ||   131
Armor: Animal skin       |    47 |   101 |    92 |       ||   240
       Robe              |       |       |    21 |   106 ||   127
       Troll leather arm |       |       |       |    99 ||    99
Dodge: Dodged            |    51 |   149 |   169 |   258 ||   627
       Rpst.: Falchion   |    17 |    30 |       |       ||    47
       Scimitar          |       |    11 |    45 |    36 ||    92
       Triple sword      |       |       |       |    39 ||    39
